[Event "FIDE Womens World Cup 2021"]
[Site "Sochi"]
[Date "2021.07.14"]
[Round "1.3"]
[White "Buksa, Nataliya"]
[Black "Latreche, Sabrina"]
[Result "1-0"]
[ECO "C65"]
[WhiteElo "2413"]
[BlackElo "2076"]
[Annotator "NA"]
[PlyCount "100"]
[EventDate "2021.07.12"]
[EventType "k.o."]
[EventCountry "RUS"]
[SourceTitle "playchess.com"]
[Source "ChessBase"]
[SourceQuality "1"]
[TimeControl "1500+10"]

1. e4 e5 2. Nf3 Nc6 3. Bb5 Nf6 4. d3 Bc5 5. Bxc6 dxc6 6. Nbd2 O-O 7. Nc4 Re8 8. Qe2 Bg4 9. h3 Bxf3 10. Qxf3 Nd7 11. Bd2 Re6 12. Be3 Rf6 13. Qe2 Bxe3 14. Qxe3 Rg6 15. O-O Qe7 16. f4 exf4 17. Qxf4 Nc5 18. Rae1 Ne6 19. Qe3 c5 20. Rf2 Rf6 21. Ref1 Rxf2 22. Qxf2 Rf8 23. Ne3 Qg5 24. Nf5 b6 25. a4 Kh8 26. Qe3 Qxe3+ 27. Nxe3 c6 28. Nf5 Nd4 29. c3 Nxf5 30. Rxf5 f6 31. Kf2 g6 32. Rf3 Kg7 33. Ke3 Re8 34. g4 h5 35. gxh5 g5 36. h4 gxh4 37. Rh3 Re5 38. Rxh4 Rg5 39. Kf4 Kh6 40. Rh2 a6 41. d4 cxd4 42. cxd4 Ra5 43. b3 b5 44. e5 fxe5+ 45. dxe5 bxa4 46. e6 Rb5 47. bxa4 Rb4+ 48. Kf5 Rb1 49. Re2 Kg7 50. e7 Rf1+ 1-0

[Event "FIDE Womens World Cup 2021"]
[Site "Sochi"]
[Date "2021.07.14"]
[Round "1.3"]
[White "Guichard, Pauline"]
[Black "Varela La Madrid, Tilsia Carolina"]
[Result "1-0"]
[ECO "D41"]
[WhiteElo "2413"]
[BlackElo "2072"]
[Annotator "NA"]
[PlyCount "59"]
[EventDate "2021.07.12"]
[EventType "k.o."]
[EventCountry "RUS"]
[SourceTitle "playchess.com"]
[Source "ChessBase"]
[SourceQuality "1"]
[TimeControl "1500+10"]

1. d4 d5 2. c4 e6 3. Nf3 Nf6 4. Nc3 c5 5. cxd5 Nxd5 6. e4 Nxc3 7. bxc3 cxd4 8. cxd4 Bb4+ 9. Bd2 Bxd2+ 10. Qxd2 O-O 11. Bc4 Nd7 12. O-O b6 13. Rad1 Bb7 14. Rfe1 Rc8 15. Bb3 h6 16. Re3 Nf6 17. d5 Ng4 18. Ree1 exd5 19. exd5 Qd6 20. h3 Nf6 21. Nd4 Rfe8 22. Nf5 Qd7 23. Qf4 Rxe1+ 24. Rxe1 Re8 25. Rxe8+ Nxe8 26. d6 Kh8 27. Qe5 Bc8 28. Nxh6 f6 29. Qh5 gxh6 30. Qxh6+ 1-0

[Event "FIDE Womens World Cup 2021"]
[Site "Sochi"]
[Date "2021.07.14"]
[Round "1.3"]
[White "Salimova, Nurgyul"]
[Black "Aliaga Fernandez, Ingrid Y"]
[Result "1/2-1/2"]
[ECO "A05"]
[WhiteElo "2395"]
[BlackElo "2191"]
[Annotator "ChessBase"]
[PlyCount "124"]
[EventDate "2021.07.12"]
[EventType "k.o."]
[EventCountry "RUS"]
[SourceTitle "playchess.com"]
[Source "ChessBase"]
[SourceQuality "1"]
[TimeControl "1500+10"]

1. Nf3 Nf6 2. g3 d5 3. Bg2 Bf5 4. O-O e6 5. c4 c6 6. b3 Be7 7. Bb2 Nbd7 8. d3 O-O 9. Nbd2 a5 10. a3 Bg6 11. Rc1 Re8 12. Rc2 Bd6 13. Qa1 e5 14. cxd5 cxd5 15. Nh4 Bh5 16. Nf5 Bf8 17. Nf3 d4 18. Qc1 Rc8 19. b4 axb4 20. axb4 Bxb4 21. Qg5 Bg6 22. Rxc8 Qxc8 23. Rc1 Qd8 24. Rc4 Bf8 25. N3h4 Nb6 26. Rc2 Nbd5 27. Bh3 b5 28. Rc8 Qxc8 29. Ne7+ Nxe7 30. Bxc8 Nxc8 31. Nf3 h6 32. Qc1 Bf5 33. Qc7 b4 34. Nxe5 Bd6 35. Qxf7+ Kh7 36. f4 Bxe5 37. fxe5 Bg6 38. Qc7 Nd5 39. Qb7 Nc3 40. Qxb4 Nxe2+ 41. Kf2 Rxe5 42. Qb8 Re8 43. Qb5 Nd6 44. Qd5 Nf5 45. Qd7 Re7 46. Qd8 Re8 47. Qd7 Nc3 48. Bxc3 dxc3 49. Qc7 c2 50. Qxc2 Rd8 51. Qc4 Nd6 52. Qa6 Nf7 53. h4 h5 54. Qa7 Rxd3 55. Qe7 Nh6 56. Qb4 Ng4+ 57. Kg2 Re3 58. Qc4 Be4+ 59. Kh3 Re1 60. Qg8+ Kg6 61. Qf7+ Kh6 62. Qxh5+ Kxh5 1/2-1/2

[Event "FIDE Womens World Cup 2021"]
[Site "Sochi"]
[Date "2021.07.14"]
[Round "1.3"]
[White "Mammadova, Gulnar"]
[Black "Narva, Mai"]
[Result "1/2-1/2"]
[ECO "B06"]
[WhiteElo "2385"]
[BlackElo "2276"]
[Annotator "NA"]
[PlyCount "92"]
[EventDate "2021.07.12"]
[EventType "k.o."]
[EventCountry "RUS"]
[SourceTitle "playchess.com"]
[Source "ChessBase"]
[SourceQuality "1"]
[TimeControl "1500+10"]

1. d4 g6 2. e4 Bg7 3. Nc3 c6 4. Nf3 d5 5. h3 Nf6 6. Bd3 dxe4 7. Nxe4 Nxe4 8. Bxe4 Nd7 9. O-O c5 10. dxc5 Qc7 11. c3 Nxc5 12. Bc2 O-O 13. Be3 b6 14. Re1 Rd8 15. Qc1 Bb7 16. Bxc5 Qxc5 17. Qf4 Bf6 18. Bb3 Bxf3 19. Qxf3 a5 20. Rad1 Kg7 21. Rd3 Rxd3 22. Qxd3 e6 23. a4 Rd8 24. Qe2 Qf5 25. Rd1 Qf4 26. g3 Qf5 27. Kg2 Qc5 28. Rxd8 Bxd8 29. Qd3 Be7 30. Qd7 Qd6 31. Qxd6 Bxd6 32. Kf3 Bc5 33. Ke2 e5 34. f3 f5 35. Bd5 Kf6 36. Kd3 Bf2 37. g4 Kg5 38. b4 axb4 39. cxb4 Be1 40. b5 Kf4 41. gxf5 gxf5 42. Ke2 Bb4 43. h4 h6 44. h5 e4 45. fxe4 fxe4 46. Bf7 Bc5 1/2-1/2

[Event "FIDE Womens World Cup 2021"]
[Site "Sochi"]
[Date "2021.07.14"]
[Round "1.3"]
[White "Kulon, Klaudia"]
[Black "Yu, Jennifer"]
[Result "0-1"]
[ECO "C26"]
[WhiteElo "2363"]
[BlackElo "2289"]
[Annotator "NA"]
[PlyCount "64"]
[EventDate "2021.07.12"]
[EventType "k.o."]
[EventCountry "RUS"]
[SourceTitle "playchess.com"]
[Source "ChessBase"]
[SourceQuality "1"]
[TimeControl "1500+10"]

1. e4 e5 2. Nc3 Nf6 3. Bc4 Bc5 4. d3 c6 5. f4 exf4 6. Bxf4 d5 7. exd5 cxd5 8. Qe2+ Be6 9. Bb5+ Nc6 10. Nf3 O-O 11. Bxc6 bxc6 12. d4 Bb4 13. O-O Bxc3 14. bxc3 Re8 15. Bg5 h6 16. Bh4 Bg4 17. Qd3 Re4 18. Bxf6 Qxf6 19. Ne5 Qe6 20. Rf2 f6 21. Nxg4 Qxg4 22. h3 Qe6 23. Rb1 Re8 24. Rb7 Re1+ 25. Kh2 Qd6+ 26. g3 R8e4 27. Rg2 h5 28. Rg1 R1e3 29. Qd1 h4 30. Qh5 Rxg3 31. Rxa7 Rxg1+ 32. Kxg1 Qg3+ 0-1

[Event "FIDE Womens World Cup 2021"]
[Site "Sochi"]
[Date "2021.07.14"]
[Round "1.3"]
[White "Frayna, Janelle Mae"]
[Black "Hoang, Thanh Trang"]
[Result "0-1"]
[ECO "A40"]
[WhiteElo "2179"]
[BlackElo "2404"]
[Annotator "NA"]
[PlyCount "105"]
[EventDate "2021.07.12"]
[EventType "k.o."]
[EventCountry "RUS"]
[SourceTitle "playchess.com"]
[Source "ChessBase"]
[SourceQuality "1"]
[TimeControl "1500+10"]

1. d4 e6 2. c4 f5 3. Nf3 Nf6 4. g3 d5 5. Bg2 c6 6. O-O Bd6 7. b3 Qe7 8. Ne5 O-O 9. Qc2 b6 10. cxd5 cxd5 11. Nc4 Qc7 12. Qb2 Be7 13. Bf4 Qb7 14. Bd6 Nc6 15. Bxe7 Qxe7 16. Ne5 Nxe5 17. dxe5 Nd7 18. Nd2 Ba6 19. Nf3 Rac8 20. Rfc1 h6 21. b4 Rxc1+ 22. Rxc1 Bc4 23. b5 Nc5 24. Nd4 f4 25. Qd2 Qg5 26. Nf3 Qf5 27. gxf4 Qxf4 28. Qxf4 Rxf4 29. e3 Rf7 30. Nd4 Rxf2 31. Kxf2 Nd3+ 32. Kg3 Nxc1 33. Nxe6 Kf7 34. Nf4 g5 35. Nxd5 Ke6 36. Nc3 Nxa2 37. Nxa2 Bxa2 38. h4 Kxe5 39. hxg5 hxg5 40. Kg4 Bc4 41. Bc6 Kf6 42. Kf3 Ke5 43. Kg4 Kf6 44. Kf3 a5 45. bxa6 Bxa6 46. Ke4 Be2 47. Ba4 b5 48. Bb3 Bc4 49. Bd1 b4 50. Kd4 Be6 51. e4 b3 52. Bf3 b2 53. e5+ 0-1

[Event "FIDE Womens World Cup 2021"]
[Site "Sochi"]
[Date "2021.07.14"]
[Round "1.3"]
[White "Wafa, Shahenda"]
[Black "Skripchenko, Almira"]
[Result "1-0"]
[ECO "C76"]
[WhiteElo "2106"]
[BlackElo "2411"]
[Annotator "NA"]
[PlyCount "121"]
[EventDate "2021.07.12"]
[EventType "k.o."]
[EventCountry "RUS"]
[SourceTitle "playchess.com"]
[Source "ChessBase"]
[SourceQuality "1"]
[TimeControl "1500+10"]

1. e4 e5 2. Nf3 Nc6 3. Bb5 a6 4. Ba4 d6 5. c3 Bd7 6. d4 g6 7. Bg5 f6 8. Be3 Nh6 9. h3 Nf7 10. d5 Ne7 11. c4 Bg7 12. Nc3 O-O 13. Bxd7 Qxd7 14. g4 f5 15. gxf5 gxf5 16. Qc2 Kh8 17. O-O-O f4 18. Bd2 b5 19. cxb5 axb5 20. Kb1 b4 21. Ne2 c5 22. dxc6 Nxc6 23. Qb3 Rfb8 24. Nc1 Ra7 25. h4 Bf6 26. Rdg1 Bd8 27. Ng5 Nd4 28. Qd1 Qc6 29. f3 Qa6 30. Bxf4 Rc8 31. Nxf7+ Rxf7 32. Be3 Bb6 33. Bxd4 Bxd4 34. Qb3 Rcf8 35. Rf1 Rg7 36. Nd3 Rg2 37. h5 Rd2 38. Rd1 Rg2 39. h6 Qa7 40. Qe6 Rg6 41. Qc4 Rg2 42. Rc1 b3 43. a3 Ra8 44. Rh2 Rg3 45. Qe6 Rf8 46. Qxd6 Rgxf3 47. Nxe5 Rf1 48. Rh1 R1f2 49. Nd3 R2f6 50. Qd5 Be3 51. Rce1 Bxh6 52. e5 Rg6 53. e6 Qe7 54. Qxb3 Bg7 55. Nb4 Rg2 56. Rxh7+ Kg8 57. Rxg7+ Rxg7 58. Nc6 Qb7 59. Qd5 Rf2 60. e7+ Kh7 61. Qh5+ 1-0

[Event "FIDE Womens World Cup 2021"]
[Site "Sochi"]
[Date "2021.07.14"]
[Round "1.3"]
[White "Demchenko, Svitlana"]
[Black "Cyfka, Karina"]
[Result "1/2-1/2"]
[ECO "B22"]
[WhiteElo "2089"]
[BlackElo "2417"]
[Annotator "NA"]
[PlyCount "78"]
[EventDate "2021.07.12"]
[EventType "k.o."]
[EventCountry "RUS"]
[SourceTitle "playchess.com"]
[Source "ChessBase"]
[SourceQuality "1"]
[TimeControl "1500+10"]

1. e4 c5 2. c3 e6 3. Nf3 a6 4. d4 d5 5. Nbd2 Nc6 6. exd5 exd5 7. Bd3 c4 8. Bc2 Qe7+ 9. Qe2 Qxe2+ 10. Kxe2 Bd6 11. Nf1 Nge7 12. Ne3 h6 13. b3 b5 14. a4 Rb8 15. axb5 axb5 16. Ba3 Bxa3 17. Rxa3 b4 18. cxb4 Nxb4 19. bxc4 Nxc2 20. Nxc2 dxc4 21. Ne3 Be6 22. Rc1 O-O 23. Ne5 Rb2+ 24. Ke1 Rc8 25. N5xc4 Rb4 26. Rac3 Rd8 27. Ne5 Rbxd4 28. Nc6 Nxc6 29. Rxc6 Ra4 30. R6c2 g5 31. Rd2 Rb8 32. f3 Kg7 33. Kf2 Rab4 34. Rc7 Rb2 35. Rcc2 Rxc2 36. Rxc2 Ra8 37. Rc3 Ra2+ 38. Rc2 Ra8 39. Rc3 Ra2+ 1/2-1/2

[Event "FIDE Womens World Cup 2021"]
[Site "Sochi"]
[Date "2021.07.12"]
[Round "1.3"]
[White "Sultana, Sharmin Shirin"]
[Black "Yip, Carissa"]
[Result "0-1"]
[ECO "A45"]
[WhiteElo "2011"]
[BlackElo "2430"]
[Annotator "NA"]
[PlyCount "72"]
[EventDate "2021.07.12"]
[EventType "k.o."]
[EventCountry "RUS"]
[SourceTitle "playchess.com"]
[Source "ChessBase"]
[SourceQuality "1"]
[TimeControl "40/5400+30:1800+30"]

1. d4 Nf6 2. Bf4 g6 3. Nc3 d5 4. e3 Bg7 5. h4 h5 6. Nf3 a6 7. Ne5 Nbd7 8. Be2 c5 9. Qd2 e6 10. f3 $11 b5 11. a3 Bb7 12. dxc5 Nxc5 13. a4 b4 14. Nd1 Qa5 15. Nf2 Nfd7 16. Nfd3 Nxd3+ 17. Nxd3 Nc5 18. Ne5 Rd8 19. O-O O-O 20. Rfd1 Rc8 21. Qe1 Qd8 22. a5 Nd7 23. Nd3 Rxc2 24. Nxb4 Rxb2 25. Nxa6 Qe7 26. Rab1 Rc8 27. Rxb2 Bxb2 28. Rb1 Bc3 29. Qf1 Bc6 30. Bc7 Qxh4 31. Bb5 Ne5 32. Bd6 Bxb5 33. Qxb5 Qg3 34. Bxe5 Bxe5 35. Qd3 Qh2+ 36. Kf1 Bg3 0-1

[Event "FIDE Womens World Cup 2021"]
[Site "Sochi"]
[Date "2021.07.12"]
[Round "1.4"]
[White "Atalik, Ekaterina"]
[Black "Ortiz Verdezoto, Anahi"]
[Result "1-0"]
[ECO "E15"]
[WhiteElo "2433"]
[BlackElo "2013"]
[Annotator "NA"]
[PlyCount "105"]
[EventDate "2021.07.12"]
[EventType "k.o."]
[EventCountry "RUS"]
[SourceTitle "playchess.com"]
[Source "ChessBase"]
[SourceQuality "1"]
[TimeControl "40/5400+30:1800+30"]

1. d4 Nf6 2. Nf3 e6 3. c4 b6 4. g3 Ba6 5. b3 Bb7 6. Bg2 Bb4+ 7. Bd2 a5 8. O-O O-O 9. Nc3 d6 10. a3 Bxc3 11. Bxc3 Nbd7 12. Bb2 Ra7 13. Qc2 Be4 14. Qc3 b5 15. cxb5 Nd5 16. Qc1 a4 17. Nd2 Bxg2 18. Kxg2 axb3 19. e4 Ne7 20. Qc3 Qa8 21. d5 e5 22. Qxb3 f5 23. f3 Nc5 24. Qc2 Na4 25. Bc1 Qb7 26. Rb1 Ra5 27. Rb4 Nc5 28. a4 Qa7 29. b6 cxb6 30. Nc4 fxe4 31. fxe4 Rxf1 32. Kxf1 Rxa4 33. Rxa4 Nxa4 34. Nxd6 Qd7 35. Ba3 h5 36. Nc4 Ng6 37. Ne3 Qb5+ 38. Kg2 Nc5 39. Bxc5 bxc5 40. Nf5 h4 41. d6 hxg3 42. hxg3 c4 43. Qd1 Nf8 44. Ne7+ Kf7 45. Qf3+ Ke8 46. Nd5 Ne6 47. Qh5+ Kd8 48. Qxe5 Qd7 49. Nb6 Qf7 50. Nxc4 g5 51. Qd5 Qh5 52. Qa8+ Kd7 53. Qb7+ 1-0

[Event "FIDE Womens World Cup 2021"]
[Site "Sochi"]
[Date "2021.07.14"]
[Round "1.4"]
[White "Ushenina, Anna"]
[Black "Moaataz, Ayah"]
[Result "1-0"]
[ECO "D10"]
[WhiteElo "2429"]
[BlackElo "2015"]
[Annotator "NA"]
[PlyCount "75"]
[EventDate "2021.07.12"]
[EventType "k.o."]
[EventCountry "RUS"]
[SourceTitle "playchess.com"]
[Source "ChessBase"]
[SourceQuality "1"]
[TimeControl "1500+10"]

1. d4 {[%emt 0:00:02] Giri,A} d5 2. c4 c6 3. cxd5 cxd5 4. Bg5 Nc6 5. Nc3 Nf6 6. Bxf6 gxf6 {[%emt 0:00:02] The main line 6...gxf6 scores better than 6...exf6.} 7. e3 e6 8. Bd3 f5 9. Nf3 Bd6 10. Rc1 Bd7 11. a3 Rc8 12. O-O O-O 13. g3 Kh8 {[%emt 0:00:06] [#]} 14. Kh1 $146 ({Predecessor:} 14. Qe2 Rg8 15. Kh1 Na5 16. Nd2 Qb6 17. b4 Nc4 18. Bxc4 dxc4 19. Kg1 Qa6 20. Ra1 {½-½ (55) Giri,A (2768)-Van Foreest,J (2644) Wijk aan Zee 2020 CBM 194 [Giri,A]}) 14... Rg8 15. Be2 Qf6 16. b4 Qh6 17. Na4 Rce8 18. Nc5 Bc8 19. Bb5 Qh3 20. Nxb7 Bxb7 21. Bxc6 Bxc6 22. Rxc6 Bb8 23. Ng1 Qh6 24. Qe2 Qg6 25. Nf3 $18 f4 26. exf4 Bxf4 27. Ne5 Bxe5 28. Qxe5+ f6 29. Qe3 e5 30. dxe5 Rxe5 31. Qd4 Rf8 32. Rfc1 Qe8 33. Kg2 Rf5 34. Rc7 Qe2 35. Qxa7 Qf3+ 36. Kg1 Qh5 37. Rc8 Qh6 38. Qe7 1-0

[Event "FIDE Womens World Cup 2021"]
[Site "Sochi"]
[Date "2021.07.14"]
[Round "1.4"]
[White "Cyfka, Karina"]
[Black "Demchenko, Svitlana"]
[Result "1/2-1/2"]
[ECO "E11"]
[WhiteElo "2417"]
[BlackElo "2089"]
[Annotator "NA"]
[PlyCount "71"]
[EventDate "2021.07.12"]
[EventType "k.o."]
[EventCountry "RUS"]
[SourceTitle "playchess.com"]
[Source "ChessBase"]
[SourceQuality "1"]
[TimeControl "1500+10"]

1. d4 Nf6 2. c4 e6 3. Nf3 Bb4+ 4. Nbd2 b6 5. a3 Bxd2+ 6. Qxd2 Bb7 7. e3 Ne4 8. Qc2 O-O 9. Be2 d6 10. O-O Nd7 11. b4 f5 12. Bb2 Ng5 13. Ne1 f4 14. exf4 Rxf4 15. f3 Qe7 16. Rd1 e5 17. d5 h6 (17... e4 $16 {might work better.}) 18. Nd3 Rf7 19. Nf2 Raf8 20. Bc1 Bc8 21. Kh1 Nf6 22. Bd3 e4 23. fxe4 Nfxe4 24. Nxe4 Nxe4 25. Rxf7 Qxf7 26. Kg1 Qf2+ 27. Qxf2 $1 Nxf2 28. Rd2 Nxd3 29. Rxd3 Bg4 $11 30. Re3 Bh5 31. h3 Bg6 32. Bb2 Rf4 33. Re7 Rf7 34. Re3 Rf4 35. Re7 Rf7 36. Re3 1/2-1/2

[Event "FIDE Womens World Cup 2021"]
[Site "Sochi"]
[Date "2021.07.14"]
[Round "1.4"]
[White "Skripchenko, Almira"]
[Black "Wafa, Shahenda"]
[Result "1-0"]
[ECO "A06"]
[WhiteElo "2411"]
[BlackElo "2106"]
[Annotator "NA"]
[PlyCount "91"]
[EventDate "2021.07.12"]
[EventType "k.o."]
[EventCountry "RUS"]
[SourceTitle "playchess.com"]
[Source "ChessBase"]
[SourceQuality "1"]
[TimeControl "1500+10"]

1. Nf3 d5 2. g3 Nf6 3. Bg2 c5 4. O-O Nc6 5. d3 e5 6. Nbd2 Be7 7. e4 dxe4 8. dxe4 O-O 9. c3 Be6 10. Qe2 Qc7 11. Re1 a6 12. Ng5 Bg4 13. Bf3 Bxf3 14. Ngxf3 b5 15. Nh4 Rfe8 16. Nf1 g6 17. Bg5 Nh5 18. Bxe7 Qxe7 19. Nf5 Qf8 20. N5e3 Nf6 21. Qf3 Qe7 22. a4 b4 23. Nc4 Rad8 24. Nfe3 Qe6 25. Rad1 Ne7 26. Kg2 Kg7 27. a5 h5 28. h4 Ng4 29. Nxg4 hxg4 30. Qe2 Ng8 31. Nb6 Qb3 32. Nd5 bxc3 33. bxc3 Qb7 34. Qxg4 Ne7 35. c4 Nxd5 $18 36. cxd5 Qb4 37. h5 Qxa5 38. hxg6 fxg6 39. Rh1 Qc7 40. Qg5 Rh8 41. d6 Qf7 42. Rxh8 Rxh8 43. d7 Qe6 44. d8=Q Qh3+ 45. Kf3 Rxd8 46. Qxe5+ 1-0

[Event "FIDE Womens World Cup 2021"]
[Site "Sochi"]
[Date "2021.07.14"]
[Round "1.4"]
[White "Hoang, Thanh Trang"]
[Black "Frayna, Janelle Mae"]
[Result "1/2-1/2"]
[ECO "A40"]
[WhiteElo "2404"]
[BlackElo "2179"]
[Annotator "NA"]
[PlyCount "125"]
[EventDate "2021.07.12"]
[EventType "k.o."]
[EventCountry "RUS"]
[SourceTitle "playchess.com"]
[Source "ChessBase"]
[SourceQuality "1"]
[TimeControl "1500+10"]

1. d4 g6 2. Bf4 Bg7 3. e3 d6 4. Nf3 Nd7 5. c3 e5 6. dxe5 dxe5 7. Bg3 Ne7 8. Bc4 O-O 9. Nbd2 Nf5 10. e4 Nd6 11. Bb3 Qe7 12. O-O a5 13. Re1 Kh8 14. Nc4 Nxc4 15. Bxc4 Nb6 16. Bf1 Bg4 17. h3 Rfd8 18. Qe2 Bd7 19. Rad1 Bc6 20. Qe3 Na4 21. b3 Nc5 22. Bd3 Nxd3 23. Rxd3 Rxd3 24. Qxd3 Rd8 25. Qe3 f6 26. Qc1 Bf8 27. Qc2 Qd6 28. Nd4 Be8 29. Kh2 Qd7 30. Nf3 Kg8 31. Re2 Qd3 32. Bh4 g5 33. Bg3 Bc6 34. Ne1 Qxc2 35. Nxc2 Rd3 36. c4 h5 37. f3 Kf7 38. Be1 b6 39. Rd2 Rxd2 40. Bxd2 Ke6 41. Kg1 g4 42. hxg4 hxg4 43. Kf2 Bc5+ 44. Be3 Be7 45. Kg3 gxf3 46. gxf3 f5 47. exf5+ Kxf5 48. Kf2 Bd8 49. Ke2 Bh4 50. Na3 e4 51. fxe4+ Kxe4 52. Nb5 Bg3 53. Bg5 Bxb5 54. cxb5 Kd4 55. Kd2 a4 56. bxa4 Kc4 57. Kc2 Kb4 58. Kd3 Kxa4 59. Kc4 Ka3 60. Kd5 Kxa2 61. Kc6 Kb3 62. Bf6 Kc4 63. Bg5 1/2-1/2

[Event "FIDE Womens World Cup 2021"]
[Site "Sochi"]
[Date "2021.07.14"]
[Round "1.4"]
[White "Yu, Jennifer"]
[Black "Kulon, Klaudia"]
[Result "1-0"]
[ECO "A52"]
[WhiteElo "2289"]
[BlackElo "2363"]
[Annotator "NA"]
[PlyCount "117"]
[EventDate "2021.07.12"]
[EventType "k.o."]
[EventCountry "RUS"]
[SourceTitle "playchess.com"]
[Source "ChessBase"]
[SourceQuality "1"]
[TimeControl "1500+10"]

1. d4 Nf6 2. c4 e5 3. dxe5 Ng4 4. e3 Nxe5 5. f4 Nec6 6. Nf3 d6 7. a3 a5 8. Bd3 Na6 9. Nc3 Nc5 10. Bc2 g6 11. O-O Bg7 12. e4 Bg4 13. Be3 Ne6 14. h3 Bxf3 15. Qxf3 Ned4 16. Qf2 Nxc2 17. Qxc2 O-O 18. Rad1 f5 19. e5 Re8 20. Bf2 Qe7 21. exd6 cxd6 22. Rfe1 Qf7 23. Rxe8+ Rxe8 24. Nb5 Qf6 25. Nxd6 Re7 26. b3 h6 27. Qd2 Kh7 28. b4 a4 29. b5 Nd8 30. Nc8 Re8 31. Qd7 Qe6 32. c5 Kh8 33. Qxe6 Nxe6 34. Nd6 Rb8 35. g3 Bb2 36. Re1 Nc7 37. Re7 Nd5 38. Rd7 Nf6 39. Rxb7 Ra8 40. c6 Bxa3 41. Nc4 Bf8 42. Bd4 Bg7 43. c7 Nd7 44. Bxg7+ Kxg7 45. c8=Q Rxc8 46. Rxd7+ Kf6 47. Rd4 g5 48. Na3 Rc3 49. Rxa4 Rxg3+ 50. Kh2 Rb3 51. Ra6+ Kg7 52. fxg5 hxg5 53. b6 Kg6 54. Nc4 Kh5 55. Ra3 Rb4 56. Rc3 f4 57. Rc2 Kh4 58. Rb2 Rxc4 59. b7 1-0

[Event "FIDE Womens World Cup 2021"]
[Site "Sochi"]
[Date "2021.07.14"]
[Round "1.4"]
[White "Narva, Mai"]
[Black "Mammadova, Gulnar"]
[Result "1/2-1/2"]
[ECO "C47"]
[WhiteElo "2276"]
[BlackElo "2385"]
[Annotator "ChessBase"]
[PlyCount "223"]
[EventDate "2021.07.12"]
[EventType "k.o."]
[EventCountry "RUS"]
[SourceTitle "playchess.com"]
[Source "ChessBase"]
[SourceQuality "1"]
[TimeControl "1500+10"]

1. e4 e5 2. Nf3 Nc6 3. Nc3 Nf6 4. g3 d5 5. exd5 Nxd5 6. Bg2 Nxc3 7. bxc3 Bc5 8. O-O O-O 9. d3 Bg4 10. Qe1 Bd6 11. Ng5 Bf5 12. Rb1 Rb8 13. Be3 h6 14. Ne4 Qd7 15. f4 Bxe4 16. Bxe4 exf4 17. Bxf4 Bxf4 18. Rxf4 f5 19. Bg2 b6 20. Qf2 Rf6 21. Rb5 Rbf8 22. c4 Ne7 23. Rd4 Qc8 24. c5 c6 25. Rb1 bxc5 26. Rc4 Ng6 27. Qxc5 f4 28. Bxc6 Kh8 29. Be4 Qh3 30. Bg2 Qe6 31. Re4 Qxa2 32. Rf1 fxg3 33. Rxf6 Rxf6 34. Re8+ Kh7 35. hxg3 Qf7 36. Ra8 Rb6 37. Kh2 Rf6 38. Rxa7 Qe8 39. Qc7 Qf8 40. d4 h5 41. Ra8 Qb4 42. Ra5 Kh6 43. Ra7 Qf8 44. Qc3 h4 45. Qe3+ Kh7 46. Ra5 hxg3+ 47. Qxg3 Qd6 48. c4 Qxg3+ 49. Kxg3 Nf4 50. Bf3 Kg8 51. c5 Ne6 52. d5 Nd4 53. Be4 Ne2+ 54. Kg2 Nf4+ 55. Kh2 Kf8 56. Ra8+ Ke7 57. Ra7+ Kd8 58. Rxg7 Rh6+ 59. Kg1 Nxd5 60. Bxd5 Rh5 61. Be4 Rxc5 62. Kf2 Rc3 63. Bf3 Rc7 64. Rg6 Ke7 65. Kg3 Rc4 66. Kf2 Rc3 67. Ra6 Kd7 68. Kg3 Rc4 69. Bg4+ Kc7 70. Kf3 Rc6 71. Ra7+ Kd6 72. Bf5 Rc4 73. Be4 Ke5 74. Ra5+ Kd6 75. Kf4 Rc5 76. Ra6+ Kc7 77. Ke3 Rc4 78. Bd5 Rb4 79. Kd3 Rb1 80. Kd4 Rb5 81. Ke5 Rb8 82. Rc6+ Kd7 83. Rh6 Re8+ 84. Kd4 Rf8 85. Kc5 Rc8+ 86. Bc6+ Ke7 87. Kd5 Rg8 88. Kd4 Rg4+ 89. Ke5 Rg5+ 90. Kf4 Rc5 91. Be4 Kd7 92. Ra6 Kc7 93. Ke3 Rb5 94. Kd4 Rb4+ 95. Kd5 Rb6 96. Ra5 Rb4 97. Bd3 Kb6 98. Ra6+ Kb7 99. Kc5 Rh4 100. Rb6+ Kc7 101. Rf6 Kd7 102. Bc4 Rh7 103. Re6 Rg7 104. Bd5 Rg1 105. Rf6 Rc1+ 106. Bc4 Ke7 107. Rf7+ Ke8 108. Ra7 Kf8 109. Kd5 Rd1+ 110. Ke6 Rc1 111. Kf6 Ke8 112. Ra8+ 1/2-1/2

[Event "FIDE Womens World Cup 2021"]
[Site "Sochi"]
[Date "2021.07.14"]
[Round "1.4"]
[White "Aliaga Fernandez, Ingrid Y"]
[Black "Salimova, Nurgyul"]
[Result "0-1"]
[ECO "B15"]
[WhiteElo "2191"]
[BlackElo "2395"]
[Annotator "NA"]
[PlyCount "122"]
[EventDate "2021.07.12"]
[EventType "k.o."]
[EventCountry "RUS"]
[SourceTitle "playchess.com"]
[Source "ChessBase"]
[SourceQuality "1"]
[TimeControl "1500+10"]

1. e4 c6 2. d4 d5 3. Nc3 dxe4 4. Nxe4 Nf6 5. Nxf6+ exf6 6. c3 Bd6 7. Bd3 O-O 8. Qc2 Re8+ 9. Ne2 h5 10. Be3 Nd7 11. O-O-O b5 12. Kb1 Nb6 13. Nf4 Bxf4 14. Bxf4 Be6 15. Bc1 a5 16. Be4 Bd5 17. Rhe1 Qd7 18. h3 b4 19. Bh7+ Kh8 20. Bf5 Qb7 21. g4 bxc3 22. Qxc3 h4 23. g5 fxg5 24. Bxg5 Qc7 25. Bc2 Qd6 26. Bxh4 a4 27. Bg3 Qh6 28. Bd3 Re6 29. Bc7 Nd7 30. Bf5 Rxe1 31. Rxe1 Nf8 32. Bg3 Ne6 33. Rg1 Qf6 34. Bxe6 Qxe6 35. a3 Qf5+ 36. Ka1 Re8 37. h4 f6 38. Re1 Rxe1+ 39. Qxe1 Bg8 40. Qd1 Qd5 41. Kb1 Qa2+ 42. Kc1 Qa1+ 43. Kd2 Qxb2+ 44. Ke1 Qb5 45. Qe2 Qb1+ 46. Qd1 Qe4+ 47. Qe2 Qh1+ 48. Kd2 Qd5 49. Ke3 Bf7 50. Qd3 Kg8 51. Qe4 Qb3+ 52. Qd3 Qb2 53. Bd6 Qc1+ 54. Qd2 Qh1 55. Qb4 Qxh4 56. Qxa4 Bd5 57. Bg3 Qe4+ 58. Kd2 Qb1 59. Qb4 Qa2+ 60. Kc3 Qe2 61. a4 Qe1+ 0-1

[Event "FIDE Womens World Cup 2021"]
[Site "Sochi"]
[Date "2021.07.14"]
[Round "1.4"]
[White "Latreche, Sabrina"]
[Black "Buksa, Nataliya"]
[Result "1/2-1/2"]
[ECO "B49"]
[WhiteElo "2076"]
[BlackElo "2413"]
[Annotator "ChessBase"]
[PlyCount "63"]
[EventDate "2021.07.12"]
[EventType "k.o."]
[EventCountry "RUS"]
[SourceTitle "playchess.com"]
[Source "ChessBase"]
[SourceQuality "1"]
[TimeControl "1500+10"]

1. e4 c5 2. Nf3 e6 3. d4 cxd4 4. Nxd4 Nc6 5. Nc3 Qc7 6. Be3 a6 7. Be2 Nf6 8. O-O Be7 9. f3 b5 10. a3 Bb7 11. Kh1 O-O 12. Nb3 d5 13. exd5 Rad8 14. Qe1 Nxd5 15. Nxd5 Rxd5 16. Rd1 Rxd1 17. Bxd1 Bd6 18. Qh4 Ne7 19. Bg1 Nf5 20. Qg4 Bd5 21. Nd4 Nxd4 22. Qxd4 Be5 23. Qb4 Qc4 24. Re1 Qxb4 25. axb4 Bxb2 26. Bc5 Rc8 27. Be2 a5 28. Bxb5 axb4 29. Bxb4 Rxc2 30. Bd3 Rc1 31. Rxc1 Bxc1 32. Kg1 1/2-1/2

[Event "FIDE Womens World Cup 2021"]
[Site "Sochi"]
[Date "2021.07.14"]
[Round "1.4"]
[White "Varela La Madrid, Tilsia Carolina"]
[Black "Guichard, Pauline"]
[Result "1/2-1/2"]
[ECO "C48"]
[WhiteElo "2072"]
[BlackElo "2413"]
[Annotator "NA"]
[PlyCount "80"]
[EventDate "2021.07.12"]
[EventType "k.o."]
[EventCountry "RUS"]
[SourceTitle "playchess.com"]
[Source "ChessBase"]
[SourceQuality "1"]
[TimeControl "1500+10"]

1. e4 e5 2. Nf3 Nc6 3. Nc3 Nf6 4. Bb5 Nd4 5. O-O c6 6. Bc4 d6 7. Nxd4 exd4 8. Ne2 Nxe4 9. d3 Nf6 10. Nxd4 d5 11. Bb3 Be7 12. Qf3 O-O 13. Nf5 Bxf5 14. Qxf5 Qd7 15. Qf3 Bd6 16. h3 Rfe8 17. Bg5 Re6 18. c4 Rae8 19. Be3 d4 20. Bxd4 Bh2+ 21. Kxh2 Qxd4 22. Qg3 Re2 23. Rac1 h5 24. c5 h4 $11 25. Qg6 R8e7 26. Qf5 Qxb2 27. Rc4 Qe5+ 28. Qxe5 R7xe5 29. Rxh4 Rxc5 30. Rd4 Rce5 31. f4 Re8 32. Ra4 a6 33. Rb4 b5 34. Rc1 Rd2 35. Rxc6 Ree2 36. Rc8+ Kh7 37. Bxf7 Rxg2+ 38. Kh1 Rh2+ 39. Kg1 Rhg2+ 40. Kh1 Rh2+ 1/2-1/2